 Dungeon Crawl Stone Soup version 0.30-a0-341-g682706514a (webtiles) character file.

Game seed: 12466647436333640389

10 blackman the Sneak (level 2, -2/24 HPs)
             Began as a Human Delver on Nov 3, 2022.
             Slain by Sigmund
             ... wielding a +0 scythe
              (5 damage)
             ... on level 4 of the Dungeon.
             The game lasted 00:02:54 (347 turns).

blackman the Sneak (Human Delver)                    Turns: 347, Time: 00:02:55

Health: -2/24      AC:  3    Str: 12      XL:     2   Next: 30%
Magic:  2/2        EV: 12    Int: 10      God:
Gold:   7          SH:  0    Dex: 17 (20) Spells: 1/1 levels left

rFire   . . .      SeeInvis .    a - +0 falchion
rCold   . . .      Faith    .    (no shield)
rNeg    . . .      Spirit   .    b - +0 leather armour
rPois   .          Reflect  .    (no helmet)
rElec   .          Harm     .    (no cloak)
rCorr   .          Rampage  .    (no gloves)
Will    .....                    (no boots)
Stlth   +++.......               (no amulet)
HPRegen 0.24/turn                f - +6 ring of dexterity
MPRegen 0.08/turn                (no ring)

@: no status effects
A: no striking features
a: no special abilities


You were on level 4 of the Dungeon.
You visited 1 branch of the dungeon, and saw 2 of its levels.

You collected 7 gold pieces.

Inventory:

Hand Weapons
 a - a +0 falchion (weapon)
Armour
 b - a +0 leather armour (worn)
Jewellery
 f - a +6 ring of dexterity (left hand)
Wands
 g - a wand of digging (3)
Scrolls
 c - a scroll of fog
 d - 2 scrolls of magic mapping
 e - a scroll of fear
 i - a scroll of identify {unknown}
 j - a scroll of enchant armour {unknown}
Potions
 h - a potion of lignification {unknown}


   Skills:
 - Level 3.1 Fighting
 * Level 2.2 Long Blades
 - Level 2.2 Dodging
 - Level 5.1 Stealth
 - Level 0.1 Spellcasting


You had one spell level left.
You didn't know any spells.
Your spell library was empty.

Dungeon Overview and Level Annotations

Branches:
Dungeon (5/15)
 Temple: D:4-7

Altars:

Annotations:
D:4 Sigmund
D:5 ystael's ghost, novice MiFi


Message History

The quasit barely misses you.
The quasit claws you but does no damage.
The quasit claws you.
You feel clumsy.
There is a stone staircase leading up here.
You climb upwards.
Found a scroll labelled AMAEDIGIJE.
There is a stone staircase leading down here.
You feel agile.
f - a +6 ring of dexterity (left hand)
Your extra speed is starting to run out.
Key pressed, stopping explore.
You feel yourself slow down.
HP restored.
i - a scroll labelled AMAEDIGIJE
j - a scroll labelled IREWYE QOECK Sigmund the Dreaded comes into view.
He is wielding a +0 scythe and wearing a +2 robe of willpower.
Sigmund is nearby!
Unknown command.
Unknown command.
Unknown command.
Unknown command.
The helpless Sigmund fails to defend himself.
You slash Sigmund!
Sigmund is heavily wounded.
Sigmund hits you with a +0 scythe!
Ouch! That really hurt!
You closely miss Sigmund.
Sigmund is heavily wounded.
Sigmund closely misses you.
You barely miss Sigmund.
Sigmund is heavily wounded.
You hit Sigmund but do no damage.
Sigmund is heavily wounded.
Sigmund hits you with a +0 scythe!
* * * LOW HITPOINT WARNING * * *
You hit Sigmund but do no damage.
Sigmund is heavily wounded.
Sigmund hits you with a +0 scythe.
You die...

.# .. .# .# #
.# #.###.# #+#
#.@@..# #.#
####.## #.# #.#
######.## #.#
........## #.#
#.....#######.#
#.>..........#
##..##########
#...#


You could see Sigmund.

Vanquished Creatures
  An adder (D:5)
  A quokka (D:5)
2 creatures vanquished.

Notes
Turn   | Place    | Note
-------+----------+-------------------------------------------
     0 | D:5      | blackman the Human Delver began the quest for the Orb.
     0 | D:5      | Reached XP level 1. HP: 18/18 MP: 1/1
    80 | D:5      | Reached XP level 2. HP: 10/24 MP: 2/2
   213 | D:5      | Found a transporter.
   224 | D:5      | Noticed a quasit
   226 | D:5      | Noticed a quasit
   236 | D:5      | Found a transporter.
   239 | D:5      | Noticed a quasit
   240 | D:5      | Noticed ystael's ghost (novice MiFi)
   341 | D:4      | Noticed Sigmund
   347 | D:4      | Slain by Sigmund

Illustrated notes

Levels and vault maps discovered:
D:4:      layout_loops_corners, mainiacjoe_overflow_swirl, lemuel_doored_altar,
          temple_green, nicolae_shop_vocational, uniq_duvessa, uniq_menkaure,
          uniq_sigmund
D:5:      corexii_shack_village, layout_basic, grunt_dithmenos_shadows,
          portal_sewer_entry_a, gammafunk_ghost_stat_death, serial_bayou_pond_e

Action                   || total
-------------------------++-------
Melee: Falchion          ||    13
  Use: Potion            ||     1
 Stab: Sleeping          ||     1
Armor: Leather armour    ||     8
Dodge: Dodged            ||    23

Table legend: (Time is in decaauts)
 A = Elapsed time spent in this place.
 B = Non-inter-level travel time spent in this place.
 C = Inter-level travel time spent in this place.
 D = Time resting spent in this place.
 E = Time spent auto-exploring this place.
 F = Levels seen in this place.
 G = Mean time per level.
                   A        B        C        D        E       F      G
               +--------+--------+--------+--------+--------+-----+--------+
         Total |    331 |    317 |     14 |     66 |    139 |   2 |  165.5 |
       Dungeon |    331 |    317 |     14 |     66 |    139 |   2 |  165.5 |
               +--------+--------+--------+--------+--------+-----+--------+

Top non-repeatable levels by time:
     D:5: 279 daAuts
     D:4: 52 daAuts
